 Dungeon Crawl Stone Soup version 0.30.1-4-g462c640d31 (webtiles) character file.

Game seed: 7198922237284481412

85 hoesters the Chopper (level 4, 0/61 HPs)
             Began as a Gnoll Reaver on Aug 26, 2023.
             Slain by a mummy (5 damage)
             ... in an ossuary.
             The game lasted 00:06:30 (2020 turns).

hoesters the Chopper (Gnoll Reaver)                 Turns: 2020, Time: 00:06:31

Health: 0/61       AC:  4    Str: 13    XL:     4   Next: 48%
Magic:  11/11      EV: 12    Int: 12    God:
Gold:   95         SH:  0    Dex: 11    Spells: 9/13 levels left

rFire   + . .        a - +0 hand axe
rCold   . . .        (no shield)
rNeg    . . .        b - +0 leather armour
rPois   .            (no helmet)
rElec   .            h - +0 cloak
rCorr   .            (no gloves)
SInv    .            (no boots)
Will    .....        (no amulet) Stlth
                     (no ring)
HPRegen 0.30/turn    (no ring)
MPRegen 0.12/turn

%: random rage (3%)
@: berserking, very quick
A: fangs 1, strong nose, distributed training, talons 1, berserk 1, fire
resistance 1, robust 1
a: no special abilities


You were in an ossuary.
You visited 1 branch of the dungeon, and saw 5 of its levels.
You also visited: Ossuary.

You collected 95 gold pieces.

Inventory:

Hand Weapons
 a - a +0 hand axe (weapon)
Armour
 b - a +0 leather armour (worn)
 h - a +0 cloak (worn)
Scrolls
 c - a scroll of enchant weapon {unknown}
 d - 2 scrolls of fear {unknown}
 j - a scroll of immolation {unknown}
Potions
 g - a potion of heal wounds {unknown}
 i - a potion of attraction {unknown}


   Skills:
 + Level 4.6 Fighting
 + Level 1.2 Short Blades
 + Level 1.2 Long Blades
 + Level 6.6 Axes
 + Level 1.2 Maces & Flails
 + Level 1.2 Polearms
 + Level 1.2 Staves
 + Level 1.2 Ranged Weapons
 + Level 1.2 Throwing
 + Level 1.2 Armour
 + Level 4.6 Dodging
 + Level 1.2 Stealth
 + Level 1.2 Shields
 + Level 1.2 Unarmed Combat
 + Level 5.1 Spellcasting
 + Level 5.5 Conjurations
 + Level 1.0 Hexes
 + Level 1.0 Summonings
 + Level 1.0 Necromancy
 + Level 1.0 Translocations
 + Level 1.0 Transmutations
 + Level 1.0 Fire Magic
 + Level 1.0 Ice Magic
 + Level 1.0 Air Magic
 + Level 1.0 Earth Magic
 + Level 1.0 Poison Magic
 + Level 1.3 Invocations
 + Level 1.2 Evocations


You had 9 spell levels left.
You knew the following spells:

 Your Spells              Type           Power      Damage    Failure   Level
a - Kiss of Death         Conj/Necr      40%        2d8       7%          1
b - Teleport Other        Tloc           5%         N/A       45%         3

Your spell library contained the following spells:

 Spells                   Type           Power      Damage    Failure   Level
 Momentum Strike          Conj/Tloc      20%        3d8       10%         2
 Hailstorm                Conj/Ice       10%        3d5       21%         3
 Lesser Beckoning         Tloc           10%        N/A       26%         2
 Sublimation of Blood     Necr           5%         N/A       26%         2
 Wereblood                Tmut           5%         N/A       26%         2
 Call Canine Familiar     Summ           5%         N/A       45%         3
 Gell's Gravitas          Tloc           5%         N/A       45%         3
 Portal Projectile        Hex/Tloc       10%        N/A       45%         3
 Leda's Liquefaction      Hex/Erth       2%         N/A       86%         4
 Summon Ice Beast         Ice/Summ       5%         N/A       86%         4
 Summon Mana Viper        Hex/Summ       5%         N/A       99%         5
 Dispersal                Tloc           2%         N/A       100%        6
 Monstrous Menagerie      Summ           2%         N/A       100%        7
 Summon Hydra             Summ           2%         N/A       100%        7


Dungeon Overview and Level Annotations

Branches:
Dungeon (5/15)            Ossuary (1/1)
 Temple: D:4-7

Altars:
The Shining One


Innate Abilities, Weirdness & Mutations

You have very sharp teeth.
Your uncanny sense of smell can sniff out nearby items.
Your experience applies equally to all skills.
You have sharp toenails.
You sometimes lose your temper in combat.
Your flesh is heat resistant. (rF+)
You are robust. (+10% HP)


Message History

You destroy the orc zombie!
The mummy hits you!
You hit the mummy but do no damage. You barely miss the mummy.
The mummy barely misses you.
You hit the mummy. Your bite misses the mummy.
The mummy is lightly damaged.
You barely miss the mummy. The mummy barely misses you.
The mummy closely misses you.
You hit the mummy. You bite the mummy, but do no damage.
The mummy is heavily damaged.
You hit the mummy. You completely miss the mummy.
The mummy is heavily damaged.
You hit the mummy. The mummy hits you but does no damage.
The mummy completely misses you.
You barely miss the mummy.
The mummy is heavily damaged.
You hit the mummy but do no damage. You hit the mummy but do no damage.
The mummy is heavily damaged.
You hit the mummy but do no damage. The mummy hits you!
The mummy barely misses you.
You are too injured to fight recklessly!
You are too injured to fight recklessly!
You closely miss the mummy.
The mummy is heavily damaged.
You hit the mummy. You hit the mummy.
The mummy is heavily damaged.
You hit the mummy. The mummy hits you!
* * * LOW HITPOINT WARNING * * *
The mummy barely misses you.
It was a potion of mutation.
You feel extremely strange.
You feel resistant to heat.
Your toenails lengthen and sharpen.
You feel a little pissed off.
You feel robust. The mummy misses you.
It was a potion of berserk rage.
A red film seems to cover your vision as you go berserk!
You feel yourself moving faster!
You feel mighty! The mummy hits you.
You die...

......
#....#
#....#
∆
#....#
∆
#....#
∆
#....#
∆ ∆
#....#
∆ ∆
#MM..#
∆∆ ∆∆
#.@..#
∆∆ ∆∆
#.∩∩.#
∆∆
######


You could see 2 mummies.

Vanquished Creatures
  2 adders (D:2)
  2 worms (D:2)
  2 dart slugs
  An orc (D:3)
  6 ball pythons
  3 bats (D:2)
  6 endoplasms
  A giant cockroach (D:2)
  10 goblins
  6 hobgoblins
  A quokka (D:2)
  A frilled lizard (D:1)
  A gnoll zombie (Ossuary)
  3 kobolds
  A kobold zombie (Ossuary)
  2 orc zombies (Ossuary)
  5 rats
53 creatures vanquished.

Notes
Turn   | Place    | Note
-------+----------+-------------------------------------------
     0 | D:1      | hoesters the Gnoll Reaver began the quest for the Orb.
     0 | D:1      | Reached XP level 1. HP: 20/20 MP: 6/6
   270 | D:1      | Reached XP level 2. HP: 26/26 MP: 7/7
   563 | D:2      | Reached skill level 5 in Spellcasting
   563 | D:2      | Reached XP level 3. HP: 19/31 MP: 7/9
   898 | D:2      | Reached skill level 1 in Invocations
  1041 | D:2      | Learned a level 3 spell: Teleport Other
  1046 | D:2      | Found a glowing golden altar of the Shining One.
  1048 | D:2      | Reached skill level 1 in Short Blades
  1048 | D:2      | Reached skill level 1 in Long Blades
  1048 | D:2      | Reached skill level 1 in Maces & Flails
  1048 | D:2      | Reached skill level 1 in Polearms
  1048 | D:2      | Reached skill level 1 in Staves
  1048 | D:2      | Reached skill level 1 in Ranged Weapons
  1048 | D:2      | Reached skill level 1 in Throwing
  1048 | D:2      | Reached skill level 1 in Armour
  1048 | D:2      | Reached skill level 1 in Stealth
  1048 | D:2      | Reached skill level 1 in Shields
  1048 | D:2      | Reached skill level 1 in Unarmed Combat
  1048 | D:2      | Reached skill level 1 in Evocations
  1336 | D:2      | Reached XP level 4. HP: 38/38 MP: 11/11
  1810 | D:3      | Reached skill level 1 in Hexes
  1810 | D:3      | Reached skill level 1 in Summonings
  1810 | D:3      | Reached skill level 1 in Necromancy
  1810 | D:3      | Reached skill level 1 in Translocations
  1810 | D:3      | Reached skill level 1 in Transmutations
  1810 | D:3      | Reached skill level 1 in Fire Magic
  1810 | D:3      | Reached skill level 1 in Ice Magic
  1810 | D:3      | Reached skill level 1 in Air Magic
  1810 | D:3      | Reached skill level 1 in Earth Magic
  1810 | D:3      | Reached skill level 1 in Poison Magic
  1880 | D:5      | Entered Level 5 of the Dungeon
  1963 | D:4      | Found a sand-covered staircase.
  1968 | Ossuary  | Entered an ossuary
  2019 | Ossuary  | Gained mutation: Your flesh is heat resistant. (rF+)
                  | [potion of mutation]
  2019 | Ossuary  | Gained mutation: You have sharp toenails. [potion of
                  | mutation]
  2019 | Ossuary  | Gained mutation: You sometimes lose your temper in combat.
                  | [potion of mutation]
  2019 | Ossuary  | Gained mutation: You are robust. (+10% HP) [potion of
                  | mutation]
  2020 | Ossuary  | Slain by a mummy

Illustrated notes

Levels and vault maps discovered:
D:1:      elethiomel_arrival_infinity_welcomes_careful_drivers,
          layout_loops_ring
D:2:      layout_loops_ring, basic_altar
D:3:      layout_basic
D:4:      layout_basic, general_overflow_altar, enter_ossuary_2,
          kennysheep_big_empty_room, kennysheep_cluttered_room
D:5:      layout_basic, kiku_gazebo_pond_becter, minmay_temple_entry_overgrown,
          hex_large, roderic_batcave
Ossuary:  ossuary_tomb_3

Skill      XL: |  1  2  3  4 |
---------------+-------------+-----
Spellcasting   | 5 |  5.1
Invocations    | 1 |  1.3
Short Blades   | 1 |  1.2
Long Blades    | 1 |  1.2
Maces & Flails | 1 |  1.2
Polearms       | 1 |  1.2
Staves         | 1 |  1.2
Ranged Weapons | 1 |  1.2
Throwing       | 1 |  1.2
Armour         | 1 |  1.2
Stealth        | 1 |  1.2
Shields        | 1 |  1.2
Unarmed Combat | 1 |  1.2
Evocations     | 1 |  1.2
Hexes          | 1 |  1.0
Summonings     | 1 |  1.0
Necromancy     | 1 |  1.0
Translocations | 1 |  1.0
Transmutations | 1 |  1.0
Fire Magic     | 1 |  1.0
Ice Magic      | 1 |  1.0
Air Magic      | 1 |  1.0
Earth Magic    | 1 |  1.0
Poison Magic   | 1 |  1.0
Fighting       | |  4.6
Axes           | |  6.6
Dodging        | |  4.6
Conjurations   | |  5.5

Action                     |  1- 3 |  4- 6 || total
---------------------------+-------+-------++-------
  Melee: Hand axe          |   103 |    64 ||   167
         Bite              |     7 |     5 ||    12
         Punch             |       |     1 ||     1
    Use: Potion            |       |     2 ||     2
   Stab: Sleeping          |     1 |     1 ||     2
 Armour: Leather armour    |    15 |    10 ||    25
  Dodge: Dodged            |    55 |    42 ||    97
